 Dungeon Crawl Stone Soup version 0.25-a0-302-g9f758675c1 (webtiles) character file.

Game seed: 17625402999098668828, levelgen mode: deterministic

206060 Lym the Axe Maniac (level 18, -7/162 HPs)
             Began as a Minotaur Berserker on Dec 20, 2019.
             Was an Elder of Trog.
             Splashed by an acid blob's acid (8 damage)
             ... on level 5 of the Pits of Slime.
             The game lasted 00:51:04 (29844 turns).

Lym the Axe Maniac (Minotaur Berserker)            Turns: 29844, Time: 00:51:05

Health: -7/162     AC: 14    Str: 28    XL:     18   Next: 5%
Magic:  5/5        EV: 13    Int:  6    God:    Trog [****..]
Gold:   2537       SH:  0    Dex: 12    Spells: 17/17 levels left

rFire    + . .     SeeInvis .   N - +6 battleaxe (antimagic)
rCold    . . .     Gourm    .   (shield currently unavailable)
rNeg     . . .     Faith    .   X - +6 plate armour {rF+}
rPois    +         Spirit   .   L - +2 hat
rElec    +         Reflect  .   T - +0 cloak "Cattocin" {rElec rPois Str-2}
rCorr    +         Harm     .   u - +0 pair of gloves
MR       +++..     Rnd*Tele +   k - +0 pair of boots
Stlth    ..........             (no amulet)
HPRegen  1.00/turn              K - +5 ring of slaying
MPRegen  0.09/turn              t - ring of resist corrosion

@: about to teleport, corroded, regenerating
A: retaliatory headbutt, horns 2, blink, blurry vision 1, clever 1, low mp 1,
inhibited regeneration, strong 1, teleportitis 1
}: 1/15 runes: gossamer
a: Blink, Berserk, Trog's Hand, Brothers in Arms, Renounce Religion


You were on level 5 of the Pits of Slime.
You worshipped Trog.
Trog was greatly pleased with you.
You were not hungry.

You visited 5 branches of the dungeon, and saw 32 of its levels.
You also visited: Gauntlet and Volcano.

You collected 3496 gold pieces.
You spent 959 gold pieces at shops.

Inventory:

Hand Weapons
 G - a +7 executioner's axe
 N - a +6 antimagic battleaxe (weapon)
Armour
 k - a +0 pair of boots (worn)
 u - a +0 pair of gloves (worn)
 L - a +2 hat (worn)
 T - the +0 cloak "Cattocin" (worn) {rElec rPois Str-2}
   (You found it on level 1 of the Lair of Beasts)

   It affects your strength (-2).
   It insulates you from electricity.
   It protects you from poison.
 V - a +2 cloak of fire resistance
 X - a +6 plate armour of fire resistance (worn)
Jewellery
 t - a ring of resist corrosion (right hand)
 z - an uncursed ring of poison resistance
 K - a +5 ring of slaying (left hand)
 M - a +2 ring of protection
 Q - an uncursed ring of protection from fire
Wands
 l - a wand of acid (9)
 m - a wand of digging (15)
 r - a wand of paralysis (9)
Scrolls
 d - 7 scrolls of remove curse
 e - 4 scrolls of identify
 f - 2 scrolls of fog
 g - a scroll of enchant armour
 h - 8 scrolls of enchant weapon
 n - 11 scrolls of teleportation
 w - a scroll of vulnerability {unknown}
 x - 3 scrolls of fear
 D - 2 scrolls of magic mapping
 H - 2 scrolls of blinking
Potions
 a - 3 potions of resistance
 b - 4 potions of brilliance
 i - 5 potions of haste
 j - 9 potions of curing
 o - a potion of flight
 p - 9 potions of ambrosia
 q - 3 potions of invisibility
 s - 2 potions of heal wounds
 A - 2 potions of might
 B - 4 potions of agility
 S - 3 potions of mutation
Comestibles
 c - 31 rations


   Skills:
 + Level 14.8 Fighting
 O Level 27 Axes
 * Level 16.0 Armour
 + Level 11.0 Dodging


You had 17 spell levels left.
You didn't know any spells.
Your spell library was empty.

Dungeon Overview and Level Annotations

Branches:
Dungeon (15/15)            Temple (0/1) D:7            Lair (6/6) D:9
 Shoals (0/4) Lair:3       Spider (4/4) Lair:3        Slime (5/5) Lair:6
    Orc (2/2) D:10            Elf (0/3) Orc:2        Vaults (0/5) D:14
 Depths (0/5) D:15        Volcano (visited)         Gauntlet (visited)

Altars:
Cheibriados
Dithmenos
Elyvilon
Gozag
Hepliaklqana
Kikubaaqudgha
Makhleb
Nemelex Xobeh
Qazlal
Ru
Sif Muna
Wu Jian
Xom
Yredelemnul
The Shining One
Jiyva

Shops:
D:6 *   Orc:2 [!}?[

Portals:
Pandemonium: Orc:2

Annotations:
D:7 1 runed translucent door, fly's ghost, novice DrTm
D:14 1 runed translucent door


Innate Abilities, Weirdness & Mutations

You reflexively headbutt those who attack you in melee.
You have a pair of horns on your head.
You can translocate small distances at will.
Scrolls take you a little longer to read.
Your mind is acute. (Int +2)
Your magical capacity is low. (-10% MP)
You do not regenerate when monsters are visible.
Your muscles are strong. (Str +2)
You are occasionally teleported next to monsters.


Message History

You are splashed with acid.
You resist.
* * * LOW HITPOINT WARNING * * *
The acid blob barely misses you.
Two slime creatures merge to form a large slime creature.
Two slime creatures merge to form a very large slime creature.
The acid blob spits acid at you. The splash of acid hits you. You resist.
* * * LOW HITPOINT WARNING * * *
You are splashed with acid.
You resist.
* * * LOW HITPOINT WARNING * * *
The acid blob closely misses you. The acid blob spits acid at you.
The splash of acid hits you. You resist.
* * * LOW HITPOINT WARNING * * *
You are splashed with acid.
You resist.
* * * LOW HITPOINT WARNING * * *
The acid blob spits acid at you.
The splash of acid hits you but does no damage.
You are splashed with acid!
You resist.
You die...

......................
......................
..............G.......
......................
.......................
.............JG......#
..............JJJ....#
...................#.#
.............@...###
................##
###.........####
####....### ######


You could see 2 acid blobs, a great orb of eyes, a very large slime creature, a
slime creature and a shining eye.

Vanquished Creatures
  Mara (Spider:4)
  Bai Suzhen (Spider:4)
  Rupert (Spider:1)
  4 acid blobs (Slime:2)
  Gastronok (D:9)
  Kirke (D:12)
  2 azure jellies (Slime:2)
  4 ghost moths
  7 emperor scorpions
  2 entropy weavers
  A minotaur (Gauntlet)
  An ettin (D:15)
  A spark wasp (Spider:4)
  A death ooze (Slime:4)
  The ghost of fly the Archer, a journeyman HOFi of the Shining One (Lair:1)
  3 ogre magi
  2 great orbs of eyes
  3 catoblepae
  8 hydras
  9 centaur warriors
  9 two-headed ogres
  A tengu warrior (D:15)
  A queen ant (Lair:2)
  7 orc high priests (Orc:2)
  6 death yaks (Lair:6)
  A fire crab (Volcano)
  An infernal demonspawn (Orc:2)
  A gelid demonspawn (Orc:2)
  A deep troll (D:15)
  An unseen horror (D:14)
  3 wizards
  A torturous demonspawn (Orc:2)
  A lindwurm (Volcano)
  5 orc knights (Orc:2)
  An oklob plant (D:10)
  15 orb spiders
  2 deep elf magi
  7 shining eyes
  A wolf spider zombie (D:13)
  An orb spider (shapeshifter) (D:15)
  4 manticores
  24 wolf spiders
  6 ugly things
  4 orc sorcerers (Orc:2)
  A cyclops (D:13)
  3 moths of wrath
  Maurice (D:8)
  11 elephants (Lair:6)
  4 black mambas
  3 centaur zombies
  A torpor snail (Spider:2)
  A molten gargoyle (Lair:2)
  3 eyes of devastation
  10 spiny frogs
  7 rime drakes
  2 kobold demonologists (D:14)
  10 demonic crawlers
  7 komodo dragons
  An efreet (D:15)
  5 polar bears (Lair:6)
  36 jumping spiders
  5 trolls
  A wolf spider simulacrum (Gauntlet)
  10 hornets
  51 slime creatures
  8 blink frogs
  11 hippogriffs
  14 dream sheep
  2 centaur simulacra (Gauntlet)
  2 shadows
  81 redbacks
  15 spriggans (Lair:6)
  26 tarantellas
  Sigmund (D:3)
  A vampire (D:10)
  39 yaks
  11 wyverns
  2 hungry ghosts
  A human (D:8)
  2 wraiths
  5 basilisks
  8 fire bats
  6 golden eyes (Slime:4)
  5 hogs
  A chaos spawn (Orc:2)
  2 steam dragons (Volcano)
  A neqoxec (Orc:2)
  4 wargs (Orc:2)
  Menkaure (D:4)
  6 soldier ants (Lair:2)
  2 acid dragons
  A hydra simulacrum (Gauntlet)
  17 water moccasins
  2 hell hounds
  A hornet zombie (D:15)
  A meliai simulacrum (Gauntlet)
  14 porcupines
  A swamp drake (D:10)
  A sky beast (D:7)
  7 ice beasts
  4 phantoms
  7 black bears
  32 orc warriors
  2 necrophages
  20 wolves
  13 centaurs
  10 ogres
  3 boggarts (Lair:6)
  7 eyes of draining
  2 big kobolds
  14 crocodiles
  22 bullfrogs
  A wyvern zombie (D:12)
  3 scorpions
  6 killer bees (D:7)
  2 howler monkeys
  2 electric eels (D:11)
  A lava snake (Lair:2)
  5 crimson imps
  A bullfrog zombie (D:12)
  4 hounds
  30 orc priests
  4 jellies
  A quasit (D:15)
  2 bullfrog skeletons
  3 centaur skeletons
  Natasha (twice) (D:2)
  2 iguanas
  23 orc wizards
  41 worker ants
  3 hell rats (Lair:6)
  A hound skeleton (D:4)
  A hound zombie (D:10)
  A worker ant zombie (D:5)
  15 adders
  5 river rats (Lair:6)
  4 shadow imps
  2 white imps (Gauntlet)
  An adder zombie (D:9)
  An adder skeleton (D:8)
  4 worms
  2 dart slugs
  3 leopard geckos
  91 orcs
  5 bats
  8 giant cockroaches
  3 goblins
  5 hobgoblins
  5 jackals
  2 quokkas
  3 frilled lizards
  17 kobolds
  A leopard gecko skeleton (D:6)
  A quokka skeleton (D:7)
  10 rats
  13 fungi
  4 plants
1113 creatures vanquished.

Vanquished Creatures (others)
  A tarantella (Spider:2)
  An orc (D:11)
  A hobgoblin (D:3)
  5 fungi
  4 plants
12 creatures vanquished.

Grand Total: 1125 creatures vanquished

Notes
Turn   | Place    | Note
-------+----------+-------------------------------------------
     0 | D:1      | Lym the Minotaur Berserker began the quest for the Orb.
     0 | D:1      | Reached XP level 1. HP: 19/19 MP: 0/0
   119 | D:1      | Reached skill level 4 in Axes
   272 | D:1      | Reached XP level 2. HP: 26/26 MP: 1/1
   740 | D:2      | Found a faded altar of an unknown god.
   796 | D:2      | Reached ** piety under Trog
   812 | D:2      | Reached skill level 5 in Axes
   823 | D:2      | Reached XP level 3. HP: 31/31 MP: 2/2
   846 | D:2      | Found a sacrificial altar of Ru.
  1107 | D:2      | Noticed Natasha
  1112 | D:2      | Killed Natasha
  1112 | D:2      | Reached XP level 4. HP: 28/40 MP: 3/3
  1160 | D:2      | Noticed Natasha
  1236 | D:2      | Reached skill level 6 in Axes
  1501 | D:2      | Found a snail-covered altar of Cheibriados.
  1680 | D:2      | Killed Natasha
  1680 | D:2      | Reached XP level 5. HP: 40/47 MP: 4/4
  2182 | D:3      | Noticed Sigmund
  2200 | D:3      | Killed Sigmund
  2200 | D:3      | Reached skill level 5 in Fighting
  2200 | D:3      | Reached skill level 7 in Axes
  2200 | D:3      | Reached XP level 6. HP: 56/56 MP: 5/5
  2235 | D:3      | Found an opulent altar of Gozag.
  2343 | D:3      | Found a basalt altar of Yredelemnul.
  2346 | D:3      | Found a glowing golden altar of the Shining One.
  2349 | D:3      | Noticed an angel
  2498 | D:4      | Noticed Menkaure
  2505 | D:4      | Killed Menkaure
  2505 | D:4      | Reached skill level 8 in Axes
  2586 | D:4      | Reached XP level 7. HP: 47/62 MP: 6/6
  2661 | D:4      | Reached *** piety under Trog
  2683 | D:4      | Noticed a hungry ghost
  2698 | D:4      | Killed a hungry ghost
  2698 | D:4      | Reached skill level 9 in Axes
  2829 | D:4      | Found an ancient bone altar of Kikubaaqudgha.
  3024 | D:5      | Entered Level 5 of the Dungeon
  3085 | D:5      | Reached skill level 10 in Axes
  3085 | D:5      | Reached XP level 8. HP: 52/73 MP: 7/7
  3328 | D:5      | Found a sacrificial altar of Ru.
  3809 | D:6      | Reached skill level 11 in Axes
  3834 | D:6      | Found Dafrounuil's Assorted Antiques.
  3863 | D:6      | Bought a glowing war axe for 188 gold pieces
  3863 | D:6      | Bought a golden potion for 26 gold pieces
  3863 | D:6      | Bought a scroll labeled OCUFRO CIOS for 29 gold pieces
  3863 | D:6      | Bought a scroll labeled TIFRAP JAMYERU for 29 gold pieces
  3863 | D:6      | Bought a scroll labeled YDUAGI WIPORGH for 29 gold pieces
  3926 | D:6      | Reached **** piety under Trog
  4190 | D:6      | Reached skill level 12 in Axes
  4190 | D:6      | Reached XP level 9. HP: 73/82 MP: 8/8
  4198 | D:6      | Found a white marble altar of Elyvilon.
  4613 | D:7      | Found a staircase to the Ecumenical Temple.
  4889 | D:7      | Reached skill level 13 in Axes
  5548 | D:7      | Found a runed translucent door.
  5549 | D:7      | Noticed fly's ghost (novice DrTm)
  5656 | D:8      | Reached skill level 10 in Fighting
  5663 | D:8      | Reached ***** piety under Trog
  5663 | D:8      | Received a gift from Trog
  5713 | D:8      | Reached skill level 14 in Axes
  5714 | D:8      | Reached XP level 10. HP: 44/93 MP: 6/9
  6030 | D:8      | Found a hazy altar of Hepliaklqana.
  6213 | D:8      | Noticed Maurice
  6225 | D:8      | Killed Maurice
  6225 | D:8      | Reached skill level 15 in Axes
  6293 | D:8      | Found a shadowy altar of Dithmenos.
  6293 | D:8      | Found a stormy altar of Qazlal.
  6370 | D:8      | Found a shimmering blue altar of Sif Muna.
  6644 | D:9      | Found a staircase to the Lair.
  6644 | D:9      | Noticed a two-headed ogre
  6658 | D:9      | Killed a two-headed ogre
  6658 | D:9      | Reached skill level 16 in Axes
  6720 | D:9      | Found an ornate altar of the Wu Jian Council.
  6827 | D:9      | Noticed Gastronok
  6841 | D:9      | Killed Gastronok
  6841 | D:9      | Reached skill level 17 in Axes
  6841 | D:9      | Reached XP level 11. HP: 99/99 MP: 10/10
  6863 | D:9      | Found a sparkling altar of Nemelex Xobeh.
  6993 | D:9      | Found a stormy altar of Qazlal.
  7343 | D:10     | Entered Level 10 of the Dungeon
  7343 | D:10     | Found a shimmering altar of Xom.
  7343 | D:10     | Noticed an oklob plant
  7354 | D:10     | Killed an oklob plant
  7738 | D:10     | Found a staircase to the Orcish Mines.
  7743 | D:10     | Received a gift from Trog
  8444 | Lair:1   | Entered Level 1 of the Lair of Beasts
  8447 | Lair:1   | Reached skill level 5 in Armour
  8731 | Lair:1   | Noticed a four-headed hydra
  8739 | Lair:1   | Killed a nine-headed hydra
  8744 | Lair:1   | Reached skill level 5 in Dodging
  9082 | Lair:1   | Found a transporter.
  9183 | Lair:1   | Noticed fly's ghost (journeyman HOFi)
  9632 | Lair:1   | Found a transporter.
  9742 | Lair:1   | Reached XP level 12. HP: 109/109 MP: 3/11
  9754 | Lair:1   | Killed fly's ghost
  9754 | Lair:1   | Received a gift from Trog
  9785 | Lair:1   | Got an ichor-stained cloak
  9796 | Lair:1   | Identified the cursed +0 cloak "Cattocin" {rElec rPois
                  | Str-2} (You found it on level 1 of the Lair of Beasts)
  9952 | Lair:2   | Found a dark tunnel.
  9964 | Lair:2   | Reached skill level 18 in Axes
 10022 | Volcano  | Entered a volcano
 10575 | Lair:2   | Noticed a queen ant
 10590 | Lair:2   | Reached skill level 19 in Axes
 10594 | Lair:2   | Killed a queen ant
 10610 | Lair:2   | Received a gift from Trog
 10922 | Lair:3   | Found a staircase to the Shoals.
 11204 | Lair:3   | Noticed a five-headed hydra
 11216 | Lair:3   | Killed a 12-headed hydra
 11334 | Lair:3   | You fall into a shaft and drop 2 floors!
 11489 | Lair:5   | Reached XP level 13. HP: 116/116 MP: 12/12
 11556 | Lair:4   | Reached skill level 20 in Axes
 11850 | Lair:3   | Found a hole to the Spider Nest.
 12960 | Lair:5   | Reached skill level 21 in Axes
 13341 | Lair:5   | Received a gift from Trog
 13619 | Lair:6   | Entered Level 6 of the Lair of Beasts
 13901 | Lair:6   | Found a staircase to the Slime Pits.
 14008 | Lair:6   | Reached skill level 22 in Axes
 14501 | Lair:6   | Reached XP level 14. HP: 91/125 MP: 13/13
 15208 | Lair:6   | Reached skill level 23 in Axes
 15354 | Lair:6   | Received a gift from Trog
 15649 | Lair:6   | Found a viscous altar of Jiyva.
 16499 | D:11     | Reached skill level 24 in Axes
 16822 | D:12     | Found a gate leading to a gauntlet.
 16837 | Gauntlet | Entered a Gauntlet
 16837 | Gauntlet | Found a transporter.
 16855 | Gauntlet | Found a transporter.
 16861 | Gauntlet | Found a transporter.
 16863 | Gauntlet | Found the +0 Maxwell's etheric cage {RegenMP+ *Contam rElec
                  | MP+4}
 16865 | Gauntlet | Found a transporter.
 16874 | Gauntlet | Found a transporter.
 16874 | Gauntlet | Found a transporter.
 16874 | Gauntlet | Noticed an entropy weaver
 16876 | Gauntlet | Found a transporter.
 16878 | Gauntlet | Found a transporter.
 16907 | Gauntlet | Found a transporter.
 16924 | Gauntlet | Found a transporter.
 16928 | Gauntlet | Found a transporter.
 16938 | Gauntlet | Found a transporter.
 17031 | Gauntlet | Got a warped cloak
 17046 | Gauntlet | Identified the +2 cloak "Atoxt" {+Fly rF+ Dex+6} (You found
                  | it in a Gauntlet)
 17228 | Gauntlet | Identified Weacs's Collected Works on the Floating
                  | Frostbite
 17416 | D:12     | Noticed Kirke
 17427 | D:12     | Killed Kirke
 18169 | D:13     | Received a gift from Trog
 18370 | D:13     | Reached XP level 15. HP: 113/132 MP: 14/14
 18811 | D:14     | Reached skill level 25 in Axes
 18892 | D:14     | Found a gate to the Vaults.
 18945 | D:14     | Found a glowing golden altar of the Shining One.
 18946 | D:14     | Found a runed translucent door.
 19517 | D:15     | Entered Level 15 of the Dungeon
 19704 | D:15     | Reached skill level 26 in Axes
 19704 | D:15     | Received a gift from Trog
 20208 | D:15     | Found a staircase to the Depths.
 20297 | Orc:1    | Entered Level 1 of the Orcish Mines
 20591 | Orc:2    | Entered Level 2 of the Orcish Mines
 20591 | Orc:2    | Found a staircase to the Elven Halls.
 20597 | Orc:2    | Found a burning altar of Makhleb.
 20648 | Orc:2    | Received a gift from Trog
 21050 | Orc:2    | Found Mutwela's Antique Armour Emporium.
 21273 | Orc:2    | Found Iciz's Magic Scroll Emporium.
 21276 | Orc:2    | Found Ytzirenk's Distillery.
 21300 | Orc:2    | Reached XP level 16. HP: 120/139 MP: 15/15
 21373 | Orc:2    | Bought a scroll of teleportation for 33 gold pieces
 21373 | Orc:2    | Bought a scroll of identify for 22 gold pieces
 21373 | Orc:2    | Bought a scroll of identify for 22 gold pieces
 21373 | Orc:2    | Bought a scroll of teleportation for 33 gold pieces
 21373 | Orc:2    | Bought a scroll of identify for 22 gold pieces
 21373 | Orc:2    | Bought a scroll of identify for 22 gold pieces
 21376 | Orc:2    | Bought a potion of curing for 54 gold pieces
 21376 | Orc:2    | Bought a potion of heal wounds for 90 gold pieces
 21376 | Orc:2    | Bought a potion of might for 72 gold pieces
 21376 | Orc:2    | Bought a potion of mutation for 144 gold pieces
 21376 | Orc:2    | Bought a potion of might for 72 gold pieces
 21376 | Orc:2    | Bought a potion of agility for 72 gold pieces
 21465 | Orc:2    | Reached skill level 27 in Axes
 21480 | Orc:2    | Found Xodor's Gadget Boutique.
 21480 | Orc:2    | Found Qunt's Antique Armour Shop.
 21481 | Orc:2    | Found a one-way gate leading to the halls of Pandemonium.
 21811 | Spider:1 | Entered Level 1 of the Spider Nest
 21819 | Spider:1 | Noticed Rupert
 21828 | Spider:1 | Killed Rupert
 21985 | Spider:1 | Gained mutation: Your muscles are strong. (Str +2) [potion
                  | of mutation]
 21985 | Spider:1 | Gained mutation: Your mind is acute. (Int +2) [potion of
                  | mutation]
 21985 | Spider:1 | Gained mutation: You can translocate small distances at
                  | will. [potion of mutation]
 22154 | Spider:1 | Reached skill level 10 in Armour
 23127 | Spider:2 | HP: 5/139 [something (3)]
 23132 | Spider:1 | HP: 3/139 [poisoned by a ghost moth]
 23944 | Spider:2 | Paralysed by a hornet for 2 turns
 24088 | Spider:2 | Received a gift from Trog
 25645 | Spider:4 | Entered Level 4 of the Spider Nest
 25661 | Spider:4 | Noticed Bai Suzhen
 25684 | Spider:4 | HP: 7/143 [disintegration (34)]
 26098 | Spider:4 | Noticed Mara
 26105 | Spider:4 | Killed Bai Suzhen
 26122 | Spider:3 | Reached XP level 17. HP: 38/150 MP: 5/16
 26396 | Spider:4 | Killed Mara
 26464 | Spider:4 | Paralysed by a hornet for 2 turns
 27788 | Spider:4 | Reached skill level 10 in Dodging
 28089 | Spider:4 | Got a gossamer rune of Zot
 28346 | Slime:1  | Entered Level 1 of the Pits of Slime
 28516 | Slime:2  | Noticed an acid blob
 28527 | Slime:2  | Killed an acid blob
 28528 | Slime:2  | Reached skill level 15 in Armour
 28539 | Slime:2  | Noticed an acid blob
 28742 | Slime:2  | Killed an acid blob
 28757 | Slime:2  | Noticed an acid blob
 28765 | Slime:2  | Killed an acid blob
 29029 | Slime:2  | Gained mutation: You are occasionally teleported next to
                  | monsters. [a shining eye]
 29032 | Slime:2  | Gained mutation: You do not regenerate when monsters are
                  | visible. [a shining eye]
 29080 | Slime:2  | Found a viscous altar of Jiyva.
 29098 | Slime:2  | Gained mutation: Your magical capacity is low. (-10% MP) [a
                  | shining eye]
 29100 | Slime:2  | Noticed an acid blob
 29108 | Slime:2  | Gained mutation: Scrolls take you a little longer to read.
                  | [a shining eye]
 29109 | Slime:2  | Killed an acid blob
 29573 | Slime:3  | Noticed an acid blob
 29575 | Slime:3  | You fall into a shaft and drop 1 floor!
 29604 | Slime:4  | Reached XP level 18. HP: 161/161 MP: 0/15
 29687 | Slime:5  | Entered Level 5 of the Pits of Slime
 29843 | Slime:5  | HP: 6/162 [acid (6)]
 29844 | Slime:5  | HP: 1/162 [acid (5)]
 29844 | Slime:5  | Splashed by an acid blob's acid

Levels and vault maps discovered:
D:1:      dpeg_arrival_ratfight, layout_basic, hangedman_decor_growths
D:2:      minmay_chambers_of_ones, layout_basic, kennysheep_slug_shrine,
          lemuel_round_altar, chequers_ecumenical_altar_island, uniq_natasha
D:3:      layout_basic, grunt_temple_overflow_holy_war,
          overflow_temple_1_default, first_ration,
          chequers_serial_rivers_large_a, uniq_sigmund
D:4:      layout_rooms, nicolae_overflow_crystal_walls, feat_on_display,
          uniq_menkaure
D:5:      minmay_evil_eye, layout_basic, basic_altar
D:6:      layout_rooms, lemuel_doored_altar, serial_shops,
          nicolae_shop_statue_plus
D:7:      layout_gridville, minmay_temple_entry_ruins, gammafunk_ghost_grave
D:8:      layout_loops_ring, old_standard_altar, lemuel_crystal_altar,
          amethyst_overflow_temple_binary, grunt_livestock, bh_chokoban,
          uniq_maurice
D:9:      layout_loops_ring, nicolae_overflow_hidden_temple,
          nemelex_xobeh_ov_fountains_minmay, due_lair_maze_entry_diamond,
          basic_altar, uniq_gastronok
D:10:     layout_roguey, erik_orc_1, lemuel_oklob_altar
D:11:     layout_loops_ring, kennysheep_diamond, minmay_tree_intersection
D:12:     layout_roguey [special_room_orc], gauntlet_entry_generic, uniq_kirke
D:13:     layout_loops_ring
D:14:     layout_gridville, david_vaults_2, lemuel_angel_altar
D:15:     hangedman_depths_entry_civil_slaughter, layout_cave_pools,
          chequers_serial_rivers_micro_c
Lair:1:   layout_roguey, gammafunk_ghost_berserking_beasts
Lair:2:   layout_gridlike, nicolae_volcano_entry_lava_flow, zaba_antful_of_joy
Lair:3:   layout_regular_city, elwin_shoals_entry_rocks,
          nicolae_spider_entry_tight_spaces, lemuel_old_faithful
Lair:4:   wander_river, layout_regular_city, grunt_megastairs_3,
          lemuel_fruit_tree
Lair:5:   layout_misc_corridors, infiniplex_staircase_pool_2
Lair:6:   minmay_lair_end_enchanted_forest, layout_layer_cave, slime_altar_1,
          special_room [special_room_mythical_zoo], kennysheep_abandoned_house,
          infiniplex_staircase_pool
Spider:1: layout_spider_delve, uniq_rupert
Spider:2: layout_spider_delve, drop_trap, guppyfry_spider_mini_1
Spider:3: layout_spider_delve
Spider:4: grunt_spider_rune_circles, uniq_bai_suzhen, uniq_mara
Slime:1:  layout_caves
Slime:2:  layout_caves, basic_altar
Slime:3:  layout_caves
Slime:4:  layout_caves, cheibrodos_slime_lost_civilization_4
Slime:5
Orc:1:    layout_diamond_mine, serial_shops, shop, uniq_erolcha
Orc:2:    pf_orc_diabolical, layout_caves, basic_altar, serial_shops, shop

Skill      XL: |  1  2  3  4  5  6  7  8  9 10 11 12 13 14 15 16 17 18 |
---------------+-------------------------------------------------------+-----
Axes           | 4 5 6 7 8 10 12 14 17 19 22 24 26 27 | 27.0
Fighting       | 4 5 7 8 10 11 13 14 | 14.8
Armour         | 8 9 13 15 16 | 16.0
Dodging        | 5 6 8 10 11 | 11.0

Action                   |  1- 3 |  4- 6 |  7- 9 | 10-12 | 13-15 | 16-18 || total
-------------------------+-------+-------+-------+-------+-------+-------++-------
Melee: Hand axe          |    52 |    45 |       |       |       |       ||    97
       Headbutt          |     7 |    16 |    51 |    81 |   157 |   200 ||   512
       War axe           |       |    49 |   205 |   125 |       |       ||   379
       Battleaxe         |       |       |       |   232 |       |   705 ||   937
       Executioner's axe |       |       |       |    34 |   757 |    26 ||   817
       Unarmed           |       |       |       |     2 |       |       ||     2
Invok: Berserk           |     2 |     2 |     3 |     3 |    13 |     9 ||    32
       Trog's Hand       |       |     2 |     2 |     6 |    27 |    36 ||    73
       Brothers in Arms  |       |       |       |       |     1 |       ||     1
 Abil: Blink             |       |       |       |       |       |     1 ||     1
Evoke: Wand              |       |       |     3 |       |       |       ||     3
  Use: Scroll            |       |       |     7 |    14 |    16 |     8 ||    45
       Potion            |       |       |       |       |     7 |     6 ||    13
  Eat: Chunk             |     1 |     8 |    18 |    19 |    29 |     5 ||    80
       Ration            |       |       |       |     2 |     9 |    12 ||    23
Armor: Animal skin       |    12 |       |       |       |       |       ||    12
       Ring mail         |       |    27 |    51 |       |       |       ||    78
       Plate armour      |       |       |    17 |   263 |   641 |   706 ||  1627
Dodge: Dodged            |    38 |    51 |   102 |   153 |   373 |   426 ||  1143
Block: Shield            |       |       |       |     1 |       |       ||     1

Table legend:
 A = Non-vault XP
 B = Vault XP
 C = Vault XP percentage of total XP
 D = Non-vault monster count
 E = Vault monster count
 F = Vault count percentage of total count
                 A         B        C        D         E       F
            +---------+---------+-------+---------+---------+-------
      Total |  187215 |  107935 |  36.6 |     758 |     339 |  30.9
            +---------+---------+-------+---------+---------+-------
        D:1 |      21 |       5 |  19.2 |      13 |       5 |  27.8
        D:2 |     108 |      71 |  39.7 |      15 |       7 |  31.8
        D:3 |      56 |     212 |  79.1 |      15 |       1 |   6.2
        D:4 |     669 |     157 |  19.0 |      14 |       1 |   6.7
        D:5 |     656 |       2 |   0.3 |      18 |       1 |   5.3
        D:6 |    1060 |       0 |   0.0 |      27 |       0 |   0.0
        D:7 |    1586 |       0 |   0.0 |      36 |       0 |   0.0
        D:8 |    1811 |    1504 |  45.4 |      26 |       6 |  18.8
        D:9 |     807 |    4337 |  84.3 |      16 |      11 |  40.7
       D:10 |     931 |    1198 |  56.3 |      10 |      18 |  64.3
       D:11 |    3359 |     403 |  10.7 |      23 |       2 |   8.0
       D:12 |    3091 |    3611 |  53.9 |       9 |      29 |  76.3
       D:13 |    5152 |       0 |   0.0 |      24 |       0 |   0.0
       D:14 |    9968 |    2807 |  22.0 |      36 |       3 |   7.7
       D:15 |   17430 |    5540 |  24.1 |      50 |       6 |  10.7
     Lair:1 |    6477 |    2769 |  29.9 |      28 |       7 |  20.0
     Lair:2 |    4768 |    2698 |  36.1 |      20 |      33 |  62.3
     Lair:3 |    4544 |    1804 |  28.4 |      19 |       7 |  26.9
     Lair:4 |    5394 |     233 |   4.1 |      28 |       2 |   6.7
     Lair:5 |    4437 |       0 |   0.0 |      15 |       0 |   0.0
     Lair:6 |   19133 |   15833 |  45.3 |      48 |      75 |  61.0
   Spider:1 |   16540 |    2757 |  14.3 |      55 |       1 |   1.8
   Spider:2 |   16826 |    1671 |   9.0 |      49 |       7 |  12.5
   Spider:3 |   10295 |    1667 |  13.9 |      20 |       1 |   4.8
   Spider:4 |   12200 |   37336 |  75.4 |      34 |      43 |  55.8
    Slime:2 |   24733 |       0 |   0.0 |      43 |       0 |   0.0
    Slime:4 |    7896 |       0 |   0.0 |      21 |       0 |   0.0
    Slime:5 |    4292 |       0 |   0.0 |      13 |       0 |   0.0
      Orc:1 |     760 |       0 |   0.0 |      10 |       0 |   0.0
      Orc:2 |    2215 |   15276 |  87.3 |      23 |      53 |  69.7
    Volcano |       0 |    2450 | 100.0 |       0 |       8 | 100.0
   Gauntlet |       0 |    3594 | 100.0 |       0 |      12 | 100.0
            +---------+---------+-------+---------+---------+-------
